 Dungeon Sprint DCSS version 0.22.1-1-ga44c0e56f4 (webtiles) character file.

59492 KleinerIrrer the Warrior (level 14, -1/134 HPs)
             Began as a Demonspawn Fighter on Nov 1, 2018.
             Was an Initiate of Gozag.
             Slain by Paum the pandemonium lord (28 damage)
             ... in the Dungeon (Sprint V: "Ziggurat Sprint").
             The game lasted 00:22:45 (2558 turns).

KleinerIrrer the Warrior (Demonspawn Fighter)       Turns: 2558, Time: 00:22:46

Health: -1/134     AC: 32    Str: 31    XL:     14   Next: 53%
Magic:  0/30       EV: 11    Int: 20    God:    Gozag
Gold:   938        SH: 33    Dex: 18    Spells: 32/38 levels left

rFire    + + .     SeeInvis +   o - +7 Screaming Sword
rCold    + . .     Gourm    .   n - +18 shield of the Gong {rElec rN+ MR+ EV-5}
rNeg     + . .     Faith    .   p - +5 gold dragon scales
rPois    +         Spirit   +   (helmet unavailable)
rElec    +         Reflect  .   K - scarf {repulsion}
rCorr    .         Harm     .   N - +2 pair of gloves {Str+3}
MR       ++...     NoTele   +   J - +0 pair of boots {Stlth+}
Stlth    ..........             U - amulet of guardian spirit
HPRegen  0.32/turn              H - +6 ring of strength
MPRegen  0.22/turn              I - +6 ring of strength

@: brilliant, agile, weakened, very slightly contaminated, hasted, studying 2
skills, drained, invisible, repel missiles, very quick
A: antennae 3, repulsion field 3, fire resistance 1, flame cloud immunity
a: Potion Petition, Call Merchant, Bribe Branch, Renounce Religion


You were in the Dungeon.
You worshipped Gozag.
Gozag was pleased with you.
You were not hungry.

You visited 1 branch You collected 9279 gold pieces.
You paid 8341 gold pieces to Gozag.

Inventory:

Hand Weapons
 a - a +0 war axe
 l - the +10 dark maul {crush}
   (You found it in the Dungeon)

   It inflicts extra damage upon your enemies.
 m - the cursed +14 obsidian axe {chop, +Fly SInv *Curse}
   (You found it in the Dungeon)

   It inflicts extra damage upon your enemies.
   It lets you see invisible.
   It lets you fly.
   It curses itself when equipped.
   It has a curse placed upon it.
 o - the +7 Screaming Sword (weapon)
   (You found it in the Dungeon)
Armour
 n - the +18 shield of the Gong (worn) {rElec rN+ MR+ EV-5}
   (You found it in the Dungeon)

   It affects your evasion (-5).
   It insulates you from electricity.
   It protects you from negative energy.
   It affects your resistance to hostile enchantments.
 p - +5 gold dragon scales (worn)
 J - a +0 pair of boots of stealth (worn)
 K - a scarf of repulsion (worn)
 N - a +2 pair of gloves of strength (worn)
 O - the +10 large shield of Ignorance {rN+ Int-4}
   (You found it in the Dungeon)

   It affects your intelligence (-4).
   It protects you from negative energy.
Magical Staves
 B - an uncursed staff of energy
Jewellery
 D - a +6 ring of dexterity
 E - a +6 ring of dexterity
 F - a +6 ring of intelligence
 G - a +6 ring of intelligence
 H - a +6 ring of strength (left hand)
 I - a +6 ring of strength (right hand)
 P - a +4 ring of evasion
 Q - the cursed ring "Beok" {rF++ Str-3}
   (You found it in the Dungeon)

   [ring of strength]

   It affects your strength (-3).
   It greatly protects you from fire.
   It has a curse placed upon it.
 R - the ring of Esutotum {rPois Str+3 Stlth+}
   (You found it in the Dungeon)

   [ring of stealth]

   It affects your strength (+3).
   It protects you from poison.
   It makes you more stealthy.
 U - an amulet of guardian spirit (around neck)
 W - the ring "Ufooker" {Fire Slay+3}
   (You found it in the Dungeon)

   [ring of fire]

   It enhances your fire magic.
   It affects your accuracy and damage with ranged weapons and melee attacks
   (+3).
   It protects you from fire.
   It makes you vulnerable to cold.
 X - the ring "Keixosa" {*Slow +Fly rElec Str+10}
   (You found it in the Dungeon)

   [ring of flight]

   It affects your strength (+10).
   It insulates you from electricity.
   It lets you fly.
   It may slow you when you take damage.
 Y - the ring of Shadows {Umbra +Inv Stlth+}
   (You found it in the Dungeon)

   [ring of stealth]

   It lets you turn invisible.
   It makes you more stealthy.
 Z - a +2 amulet of reflection
Wands
 y - a wand of disintegration (7)
 z - a wand of iceblast (6)
 A - a wand of acid (7)
Scrolls
 k - 4 scrolls of blinking
 t - 4 scrolls of amnesia
 u - 9 scrolls of fog
 v - 5 scrolls of identify
 w - 5 scrolls of remove curse
 x - 2 scrolls of fear
 S - 2 scrolls of brand weapon
 T - 4 scrolls of enchant weapon
Potions
 b - 2 potions of brilliance
 c - 2 potions of invisibility
 d - 6 potions of might
 e - 8 potions of curing
 g - 4 potions of heal wounds
 h - 6 potions of haste
 i - 7 potions of magic
 j - 3 potions of berserk rage
 q - 4 potions of resistance
 s - 5 potions of agility
Books
 L - a manual of Staves
 V - a manual of Earth Magic
Miscellaneous
 C - a crystal ball of energy
 M - 3 phantom mirrors
Comestibles
 f - 5 rations


   Skills:
 + Level 19.8(19.1) Fighting
 - Level 1.7(1.3) Axes
 + Level 18.7(18.0) Armour
 - Level 15.9(15.2) Shields
 * Level 12.7(12.1) Spellcasting
 * Level 2.5(2.0) Conjurations
 * Level 2.2(1.8) Fire Magic


You had 32 spell levels left.
You knew the following spells:

 Your Spells              Type           Power        Failure   Level  Hunger
a - Bolt of Fire          Conj/Fire      ####......   96%         6    ######.

Your spell library contained the following spells:

 Spells                   Type           Power        Failure   Level  Hunger
 Flame Tongue             Conj/Fire      ####.        3%          1    None
 Sting                    Conj/Pois      ####         4%          1    None
 Sandblast                Erth           ###...       7%          1    None
 Summon Butterflies       Summ           ###.....     7%          1    None
 Summon Small Mammal      Summ           ###.         7%          1    None
 Conjure Flame            Conj/Fire      ####....     10%         3    None
 Call Imp                 Summ           ###.....     11%         2    None
 Corpse Rot               Necr           N/A          11%         2    None
 Passwall                 Tmut/Erth      ###.....     11%         2    None
 Poisonous Vapours        Pois/Air       ###...       11%         2    None
 Shroud of Golubria       Chrm/Tloc      ###.......   11%         2    None
 Sublimation of Blood     Necr           ###.......   11%         2    None
 Dazzling Spray           Conj/Hex       ####..       13%         3    None
 Stone Arrow              Conj/Erth      ####..       13%         3    None
 Mephitic Cloud           Conj/Pois/Air  ####....     14%         3    None
 Ignite Poison            Fire/Tmut/Pois ####....     16%         3    None
 Call Canine Familiar     Summ           ###.....     19%         3    None
 Lesser Beckoning         Tloc           ###.......   19%         3    None
 Summon Guardian Golem    Hex/Summ       ###.....     19%         3    None
 Sticky Flame             Conj/Fire      ####....     26%         4    #......
 Cause Fear               Hex            ###.......   47%         4    #......
 Leda's Liquefaction      Hex/Erth       ###.......   47%         4    #......
 Olgreb's Toxic Radiance  Pois           ###.....     47%         4    #......
 Petrify                  Tmut/Erth      ###.....     47%         4    #......
 Summon Ice Beast         Ice/Summ       ###.....     47%         4    #......
 Summon Lightning Spire   Summ/Air       ###.....     47%         4    #......
 Bolt of Draining         Conj/Necr      ####......   67%         5    ####...
 Irradiate                Conj/Tmut      ####......   67%         5    ####...
 Venom Bolt               Conj/Pois      ####......   67%         5    ####...
 Agony                    Necr           ###.....     78%         5    ####...
 Dispel Undead            Necr           ###.....     78%         5    ####...
 Excruciating Wounds      Chrm/Necr      ###.......   78%         5    ####...
 Lee's Rapid Deconstruct  Erth           ###.......   78%         5    ####...
 Summon Forest            Summ/Tloc      ###.......   78%         5    ####...
 Summon Mana Viper        Hex/Summ       ###.....     78%         5    ####...
 Bolt of Cold             Conj/Ice       ####......   98%         6    ######.
 Freezing Cloud           Conj/Ice/Air   ####......   99%         6    ######.
 Hydra Form               Tmut           ###.......   99%         6    ######.
 Dragon Form              Tmut           ###.......   100%        7    #######
 Malign Gateway           Summ/Tloc      ###.......   100%        7    #######
 Ring of Flames           Chrm/Fire      ####......   100%        7    #######
 Summon Hydra             Summ           ###.......   100%        7    #######
 Dragon's Call            Summ           ###.......   100%        9    #######


Dungeon Overview and Level Annotations

Branches:
Dungeon (1/1)

Altars:
Ashenzari
Cheibriados
Dithmenos
Elyvilon
Fedhas
Gozag
Hepliaklqana
Kikubaaqudgha
Makhleb
Nemelex Xobeh
Okawaru
Qazlal
Ru
Sif Muna
Trog
Uskayaw
Vehumet
Wu Jian
Xom
Yredelemnul
Zin
The Shining One
Beogh
Jiyva
Lugonu


Innate Abilities, Weirdness & Mutations

You have a pair of large antennae on your head. (SInv)
You are surrounded by a strong repulsion field. (EV +4, RMsl)
Your flesh is heat resistant. (rF+)
You are immune to clouds of flame.


Message History

You feel as though you will be weak longer.
You block Eloppa's attack.
GONNNNG! [a] - 375 gold - haste and heal wounds [b] - 364 gold - heal wounds, curing and berserk rage [c] - 600 gold - haste, heal wounds and resistance Purchase which effect?
You feel as though your hastened speed will last longer.
You feel much better. Paum hits you but does no damage.
You writhe in agony.
* * * LOW HITPOINT WARNING * * *
The floating eye's view fixates on you. You block Eloppa's attack.
PANG!
You block the orange demon's attack.
SHROANNG!
You barely miss the gelid black sun.
The gelid black sun is severely wounded.
Paum hits you!!
You die...
Your body crumbles into a pile of gold.

▓..=)....)..▓▓
▓...)|}?)})...▓..[)|...)..▓▓
▓.............▓...........▓▓
▓.............▓...........▓▓
▓.............▓...........▓▓
▓.............▓...........▓▓
▓........$43..▓..▓.....▓..▓▓
..▓....$G&▓&$▓.▓▓▓...▓▓▓)▓.
▓ ▓.▓....&▓@▓ ▓..▓..(..▓()▓.
▓..▓.....G&▓6G▓.....©.))).▓.
▓........43{..▓▓▓▓▓▓▓▓▓▓▓▓▓.
▓......©...{..▓....8©8....▓.
▓▓▓▓▓▓▓▓▓▓▓▓▓▓▓..|)|))=...▓.
▓...)).)=)..▓.


{{{{{{{{{ ▓...........▓▓ {{{{{{{{{ ▓...........▓. ▓...........▓. You could see
Eloppa, Paum, Pelej, a gelid black sun, an eye of devastation, an orange demon,
a hellwing, an eye of draining, a sixfirhy and a floating eye.

Vanquished Creatures
  A golden dragon (shapeshifter) (D)
  A tentacled starspawn (D)
  3 shadow dragons (D)
  A very ugly thing (D)
  A green draconian (D)
  3 stone giants (D)
  A blizzard demon (D)
  A yaktaur captain (D)
  6 vault guards (D)
  2 two-headed ogres (D)
  A shock serpent (shapeshifter) (D)
  A flayed ghost (D)
  2 skeletal warriors (D)
  2 ugly things (D)
  4 draconians (D)
  2 wolf spiders (D)
  A cyclops (D)
  2 orb spiders (D)
  A moth of wrath (shapeshifter) (D)
  A naga mage (D)
  4 rust devils (D)
  A torpor snail (D)
  An eye of devastation (shapeshifter) (D)
  An orange demon (D)
  A freezing wraith (D)
  A hellion (D)
  A demonic crawler (D)
  A yaktaur (D)
  An ancient zyme (D)
  2 trolls (D)
  A jumping spider (D)
  3 slime creatures (D)
  2 hornets (D)
  2 redbacks (shapeshifter) (D)
  Sigmund (D)
  2 redbacks (D)
  A spriggan (D)
  2 wraiths (D)
  A ynoxinul (D)
  2 neqoxecs (D)
  A golden eye (shapeshifter) (D)
  A golden eye (D)
  A swamp worm (shapeshifter) (D)
  3 nagas (D)
  2 water moccasins (D)
  2 floating eyes (D)
  A floating eye (shapeshifter) (D)
  2 black bears (D)
  A small abomination (D)
  An eye of draining (D)
  3 wolves (D)
  2 phantoms (D)
  3 ogres (D)
  Blork the orc (D)
  3 wights (D)
  3 crimson imps (D)
  A quasit (D)
  2 jellies (D)
  An iron imp (D)
  Jessica (D)
  3 white imps (D)
  3 ufetubi (D)
  An ooze (D)
  2 adder zombies (D)
  3 bat skeletons (D)
  A jackal skeleton (D)
  A jackal zombie (D)
  A leopard gecko zombie (D)
  2 starspawn tentacles (D)
120 creatures vanquished.

Vanquished Creatures (others)
  A soul eater (D)
  2 spatial maelstroms (D)
  An orange demon (D)
  A ball python (D)
  2 starspawn tentacles (D)
7 creatures vanquished.

Grand Total: 127 creatures vanquished

Notes
Turn   | Place    | Note
-------+----------+-------------------------------------------
     0 | D        | Found the +6 Majin-Bo {vamp, Archmagi MP+6 Int+6}
     0 | D        | Found the +7 great mace "Firestarter" {inner flame, rF++}
     0 | D        | KleinerIrrer the Demonspawn Fighter began the quest for the
                  | Orb.
     0 | D        | Reached XP level 1. HP: 18/18 MP: 1/1
     0 | D        | Found a blossoming altar of Fedhas.
     1 | D        | Found a viscous altar of Jiyva.
     1 | D        | Found a hazy altar of Hepliaklqana.
     1 | D        | Found a transporter.
     1 | D        | Found an opulent altar of Gozag.
     1 | D        | Found an ancient bone altar of Kikubaaqudgha.
     1 | D        | Found a corrupted altar of Lugonu.
     3 | D        | Banished a spatial maelstrom
     3 | D        | Banished a spatial maelstrom
     4 | D        | Found a burning altar of Makhleb.
     5 | D        | Found an iron altar of Okawaru.
     5 | D        | Found a stormy altar of Qazlal.
     5 | D        | Found a sparkling altar of Nemelex Xobeh.
     5 | D        | Found a sacrificial altar of Ru.
     5 | D        | Found a deep blue altar of Sif Muna.
     9 | D        | Found the +9 heavy crossbow "Sniper" {velocity, Acc+∞ SInv}
     9 | D        | Found the +10 dark maul {crush}
     9 | D        | Found the +15 Maxwell's patent armour {-Cast -Tele rElec
                  | MR+ rCorr}
     9 | D        | Found the +18 shield of the Gong {rElec rN+ MR+ EV-5}
     9 | D        | Found the cursed +14 obsidian axe {chop, +Fly SInv *Curse}
    11 | D        | Found the +6 shillelagh "Devastator" {shatter}
    11 | D        | Found the +11 plutonium sword {*Contam Stlth-}
    11 | D        | Found the +8 lance "Wyrmbane" {slay drac, rPois rF+ rC+
                  | AC+3}
    11 | D        | Found the +9 sword of Zonguldrok {reap}
    11 | D        | Found the cursed +13 scythe of Curses {drain, *Curse}
    11 | D        | Found the +0 sword of Power
    11 | D        | Found the +7 mace of Variability {chain chaos}
    11 | D        | Found the +7 Singing Sword
    11 | D        | Found the +7 longbow "Piercer" {penet, EV-2}
    23 | D        | Became a worshipper of Gozag Ym Sagoz the Greedy
    58 | D        | Found a bloodstained altar of Trog.
    85 | D        | Entered arena 2.
    85 | D        | Noticed a phantom
    85 | D        | Noticed a wight
    85 | D        | Found a transporter.
    91 | D        | Killed a wight
    91 | D        | Reached skill level 4 in Fighting
    91 | D        | Reached skill level 1 in Spellcasting
    91 | D        | Gained mutation: Your flesh is heat resistant. (rF+)
                  | [demonic ancestry]
    91 | D        | Reached XP level 2. HP: 23/26 MP: 1/4
    91 | D        | Gained mutation: You have a pair of small antennae on your
                  | head. [demonic ancestry]
    91 | D        | Reached XP level 3. HP: 28/31 MP: 1/5
    97 | D        | Killed a phantom
    97 | D        | Reached skill level 6 in Fighting
    97 | D        | Reached skill level 5 in Armour
    97 | D        | Reached skill level 5 in Shields
    97 | D        | Gained mutation: You are surrounded by a mild repulsion
                  | field. (EV +2) [demonic ancestry]
    97 | D        | Reached XP level 4. HP: 35/40 MP: 1/7
   155 | D        | Entered arena 3.
   155 | D        | Noticed Sigmund
   155 | D        | Noticed Jessica
   155 | D        | Noticed Blork the orc
   155 | D        | Found a transporter.
   157 | D        | Killed Jessica
   157 | D        | Reached XP level 5. HP: 47/47 MP: 7/9
   161 | D        | Killed Sigmund
   161 | D        | Reached skill level 7 in Fighting
   161 | D        | Reached XP level 6. HP: 56/56 MP: 7/11
   163 | D        | Killed Blork the orc
   163 | D        | Reached skill level 8 in Fighting
   178 | D        | Entered arena 4.
   178 | D        | Noticed a slime creature
   178 | D        | Noticed a golden eye
   178 | D        | Found a transporter.
   195 | D        | Killed a golden eye
   195 | D        | Reached skill level 9 in Fighting
   195 | D        | Gained mutation: You are immune to clouds of flame.
                  | [demonic ancestry]
   195 | D        | Reached XP level 7. HP: 27/64 MP: 0/13
   204 | D        | Killed a slime creature
   204 | D        | Reached skill level 5 in Spellcasting
   436 | D        | Entered arena 5.
   436 | D        | Found a transporter.
   445 | D        | Reached skill level 10 in Fighting
   544 | D        | Entered arena 6.
   544 | D        | Noticed a draconian
   544 | D        | Noticed a draconian
   544 | D        | Noticed a draconian
   544 | D        | Noticed a green draconian
   544 | D        | Noticed a draconian
   544 | D        | Found a transporter.
   559 | D        | Killed a green draconian
   559 | D        | Gained mutation: You have a pair of antennae on your head.
                  | [demonic ancestry]
   559 | D        | Reached XP level 8. HP: 44/74 MP: 14/17
   563 | D        | Killed a draconian
   563 | D        | Reached skill level 11 in Fighting
   563 | D        | Reached skill level 10 in Armour
   563 | D        | Reached XP level 9. HP: 36/81 MP: 14/18
   566 | D        | Killed a draconian
   567 | D        | Killed a draconian
   574 | D        | Killed a draconian
   761 | D        | Entered arena 7.
   775 | D        | Gained mutation: You have a pair of large antennae on your
                  | head. (SInv) [demonic ancestry]
   775 | D        | Reached XP level 10. HP: 66/88 MP: 20/20
   877 | D        | Found a transporter.
   892 | D        | Got the Grimoire of Contamination and the Traveller
   907 | D        | Entered arena 8.
   908 | D        | Found the +3 robe of Clouds {+Fly rElec}
   908 | D        | Found the +10 large shield of Ignorance {rN+ Int-4}
   908 | D        | Found a transporter.
   908 | D        | Paralysed by a floating eye for 3 turns
  1029 | D        | Entered arena 9.
  1029 | D        | Noticed a naga mage
  1030 | D        | Found a transporter.
  1040 | D        | Reached skill level 12 in Fighting
  1046 | D        | Killed a naga mage
  1280 | D        | Entered arena 10.
  1280 | D        | Noticed a two-headed ogre
  1280 | D        | Noticed a cyclops
  1280 | D        | Noticed a two-headed ogre
  1282 | D        | Found a transporter.
  1288 | D        | Killed a two-headed ogre
  1288 | D        | Reached skill level 15 in Shields
  1289 | D        | Killed a cyclops
  1292 | D        | Killed a two-headed ogre
  1296 | D        | Gained mutation: You are surrounded by a moderate repulsion
                  | field. (EV +3) [demonic ancestry]
  1296 | D        | Reached XP level 11. HP: 46/96 MP: 23/23
  1314 | D        | Got the cursed ring "Beok" {rF++ Str-3}
  1317 | D        | Got the ring of Esutotum {rPois Str+3 Stlth+}
  1587 | D        | Entered arena 11.
  1587 | D        | Noticed a tentacled starspawn
  1588 | D        | Found the +8 mithril axe "Arga" {speed, MR+}
  1588 | D        | Found a transporter.
  1601 | D        | Killed a tentacled starspawn
  1601 | D        | Reached skill level 13 in Fighting
  1774 | D        | Entered arena 12.
  1774 | D        | Noticed a flayed ghost
  1777 | D        | Found a transporter.
  1794 | D        | Killed a flayed ghost
  1801 | D        | Reached skill level 14 in Fighting
  1835 | D        | Entered arena 13.
  1835 | D        | Noticed an orb spider
  1835 | D        | Noticed a wolf spider
  1835 | D        | Noticed an orb spider
  1836 | D        | Noticed a wolf spider
  1838 | D        | Found a transporter.
  1846 | D        | Reached skill level 10 in Spellcasting
  1846 | D        | Killed an orb spider
  1850 | D        | Killed a wolf spider
  1855 | D        | Killed a wolf spider
  1873 | D        | Killed an orb spider
  1873 | D        | Reached skill level 15 in Fighting
  1900 | D        | Got Sif Muna's Reference Book on the Destructive Frostbite
  1908 | D        | Got the ring "Ufooker" {Fire Slay+3}
  1974 | D        | Entered arena 14.
  1975 | D        | Noticed a skeletal warrior
  1975 | D        | Noticed a skeletal warrior
  1975 | D        | Noticed a blizzard demon
  1976 | D        | Found the ring of Shadows {Umbra +Inv Stlth+}
  1977 | D        | Found the +8 longbow "Zephyr" {speed, Dex+3 SInv}
  1989 | D        | Killed a blizzard demon
  1989 | D        | Gained mutation: You are surrounded by a strong repulsion
                  | field. (EV +4, RMsl) [demonic ancestry]
  1989 | D        | Reached XP level 12. HP: 90/110 MP: 21/26
  1999 | D        | Reached skill level 15 in Armour
  2020 | D        | Found a transporter.
  2031 | D        | Got the ring "Keixosa" {*Slow +Fly rElec Str+10}
  2066 | D        | Entered arena 15.
  2068 | D        | Noticed a purple very ugly thing
  2069 | D        | Noticed an anaconda
  2069 | D        | a torpor snail changed into an anaconda
  2070 | D        | an anaconda changed into a deep troll
  2070 | D        | Noticed a two-headed ogre
  2070 | D        | a shining eye changed into a two-headed ogre
  2072 | D        | Noticed an anaconda
  2072 | D        | a sea snake changed into an anaconda
  2073 | D        | Found a transporter.
  2073 | D        | a two-headed ogre changed into a lindwurm
  2074 | D        | Noticed a satyr
  2074 | D        | a torpor snail changed into a satyr
  2076 | D        | a satyr changed into a swamp worm
  2077 | D        | an anaconda changed into a swamp worm
  2080 | D        | Noticed an anaconda
  2080 | D        | a swamp worm changed into an anaconda
  2082 | D        | an anaconda changed into a swamp worm
  2092 | D        | Noticed a four-headed hydra
  2092 | D        | a shock serpent changed into a four-headed hydra
  2093 | D        | Noticed a great orb of eyes
  2093 | D        | a four-headed hydra changed into a great orb of eyes
  2097 | D        | Reached skill level 16 in Fighting
  2100 | D        | Noticed a spark wasp
  2100 | D        | a great orb of eyes changed into a spark wasp
  2100 | D        | Noticed an anaconda
  2100 | D        | a merfolk changed into an anaconda
  2103 | D        | an anaconda changed into a wolf spider
  2104 | D        | Noticed a dire elephant
  2104 | D        | a spark wasp changed into a dire elephant
  2105 | D        | Killed a brown very ugly thing
  2108 | D        | Noticed a frost giant
  2108 | D        | a dire elephant changed into a frost giant
  2112 | D        | a frost giant changed into an iron troll
  2112 | D        | Noticed a sphinx
  2112 | D        | an iron troll changed into a sphinx
  2115 | D        | Noticed a quicksilver dragon
  2115 | D        | a sphinx changed into a quicksilver dragon
  2117 | D        | Noticed a dire elephant
  2117 | D        | a quicksilver dragon changed into a dire elephant
  2118 | D        | Noticed a stone giant
  2118 | D        | a dire elephant changed into a stone giant
  2119 | D        | Noticed an iron giant
  2119 | D        | a stone giant changed into an iron giant
  2122 | D        | Noticed a caustic shrike
  2122 | D        | an iron giant changed into a caustic shrike
  2123 | D        | Noticed a juggernaut
  2123 | D        | a caustic shrike changed into a juggernaut
  2127 | D        | Noticed a shard shrike
  2127 | D        | a juggernaut changed into a shard shrike
  2129 | D        | Noticed a juggernaut
  2129 | D        | a shard shrike changed into a juggernaut
  2132 | D        | Noticed a titan
  2132 | D        | a juggernaut changed into a titan
  2133 | D        | Noticed an acid blob
  2133 | D        | a titan changed into an acid blob
  2134 | D        | Noticed a golden dragon
  2134 | D        | an acid blob changed into a golden dragon
  2135 | D        | Noticed an iron giant
  2135 | D        | a golden dragon changed into an iron giant
  2140 | D        | Noticed a golden dragon
  2140 | D        | an iron giant changed into a golden dragon
  2147 | D        | Killed a golden dragon
  2147 | D        | Reached skill level 17 in Fighting
  2183 | D        | Got the Collected Works on Shifting Companions
  2264 | D        | Entered arena 16.
  2265 | D        | Noticed a vault guard
  2265 | D        | Noticed a vault guard
  2265 | D        | Noticed a vault guard
  2265 | D        | Noticed a shadow dragon
  2265 | D        | Noticed a stone giant
  2265 | D        | Noticed a vault guard
  2265 | D        | Noticed a shadow dragon
  2265 | D        | Noticed a stone giant
  2266 | D        | Noticed a shadow dragon
  2266 | D        | Noticed a yaktaur captain
  2266 | D        | Noticed a vault guard
  2266 | D        | Noticed a vault guard
  2273 | D        | Noticed a stone giant
  2279 | D        | Killed a vault guard
  2283 | D        | Killed a stone giant
  2290 | D        | Killed a vault guard
  2295 | D        | Killed a vault guard
  2295 | D        | Reached skill level 18 in Fighting
  2298 | D        | Killed a vault guard
  2298 | D        | Reached XP level 13. HP: 70/122 MP: 25/28
  2310 | D        | Killed a shadow dragon
  2314 | D        | Killed a shadow dragon
  2314 | D        | Reached skill level 19 in Fighting
  2319 | D        | Killed a stone giant
  2320 | D        | Killed a shadow dragon
  2330 | D        | Killed a stone giant
  2342 | D        | Found a transporter.
  2516 | D        | Learned a level 6 spell: Bolt of Fire
  2516 | D        | Entered arena 17.
  2519 | D        | Noticed a gelid black sun
  2519 | D        | Noticed Pelej the pandemonium lord
  2519 | D        | Noticed Paum the pandemonium lord
  2520 | D        | Noticed Eloppa the pandemonium lord
  2520 | D        | Noticed Rusiy the pandemonium lord
  2532 | D        | Reached skill level 1 in Conjurations
  2532 | D        | Reached skill level 1 in Fire Magic
  2532 | D        | Reached XP level 14. HP: 91/134 MP: 6/30
  2558 | D        | Slain by Paum the pandemonium lord

Skill      XL: |  1  2  3  4  5  6  7  8  9 10 11 12 13 14 |
---------------+-------------------------------------------+-----
Fighting       | 4 6 7 9 10 11 12 15 18 19 | 19.8
Armour         | 4 5 6 7 9 10 11 12 14 17 18 | 18.7
Shields        | 4 5 7 8 11 12 13 15 | 15.9
Spellcasting   | 1 2 3 4 6 7 8 10 11 12 | 12.7
Conjurations   | 1 2 |  2.5
Fire Magic     | 1 2 |  2.2
Axes           | |  1.7

Action                   |  1- 3 |  4- 6 |  7- 9 | 10-12 | 13-15 || total
-------------------------+-------+-------+-------+-------+-------++-------
Melee: Double sword      |    10 |    14 |    72 |   232 |    48 ||   376
Invok: Potion Petition   |       |       |     1 |    10 |    10 ||    21
Evoke: Wand              |       |       |       |     1 |       ||     1
  Use: Potion            |       |       |       |     4 |     9 ||    13
 Stab: Distracted        |       |     1 |       |     2 |       ||     3
       Invisible         |       |       |       |     1 |       ||     1
  Eat: Ration            |       |       |       |     2 |       ||     2
Armor: Gold dragon scale |     3 |    15 |    92 |   176 |    75 ||   361
Dodge: Dodged            |     2 |       |     8 |    86 |    32 ||   128
       Deflected         |       |       |       |     3 |       ||     3
Block: Shield            |    15 |     6 |   159 |   536 |   153 ||   869
       Rpst.: Double sword |       |       |     2 |    17 |     6 ||    25
